cohdb
Replays
Latest Replays
All Replays
Popular Replays
Top Player Replays
Match Explorer
How It Works
Community
CoH3 Stats
Reddit
Sign in to upload your games and track your stats! →
Sign in with Steam
Match 41502586
Unlisted
Match 41502586
Overview
Messages
Build Orders
End
Construct Barracks
Selects Special Operations Battlegroup
Selects Special Operations Battlegroup
Selects Special Operations Battlegroup
Selects M29 Weasel Recon Vehicle
M29 Weasel Recon Vehicle
Riflemen Squad
Riflemen Squad
Construct Weapon Support Center
Bazooka Squad
Selects Raiding Flares
M1919 Machine Gun Team
Mechanized Support Center
Construct Motor Pool
M24 Chaffee Light Tank
Selects SSF Commando Squad
SSF Commando Squad
Engineer Squad
常山造纸龙
快速魔头号
カルト_くん
Big Oil Robot
0
0
Comments
sign in to comment!
No comments posted yet!